 Dungeon Crawl Stone Soup version 0.29.0-15-g675c0067aa (webtiles) character file.

Game seed: 1468383676460421936

18 qw the Sneak (level 2, -3/19 HPs)
             Began as a Gargoyle Delver on Sept 11, 2022.
             Slain by a water moccasin (8 damage)
             ... on level 7 of the Dungeon.
             The game lasted 00:00:13 (548 turns).

qw the Sneak (Gargoyle Delver)                       Turns: 548, Time: 00:00:13

Health: -3/19      AC:  7    Str: 15    XL:     2   Next: 66%
Magic:  2/2        EV: 10    Int: 10    God:
Gold:   31         SH:  0    Dex: 11    Spells: 1/1 levels left

rFire   . . .      SeeInvis .   a - +0 hand axe
rCold   . . .      Faith    .   (no shield)
rNeg    + . .      Spirit   .   h - +0 ring mail
rPois   inf        Reflect  .   (no helmet)
rElec   +          Harm     .   (no cloak)
rCorr   .          Rampage  .   (no gloves)
Will    .....                   (no boots)
Stlth   ++........              (no amulet)
HPRegen 0.06/turn               (no ring)
MPRegen 0.08/turn               (no ring)

@: marked
A: sickness immunity, AC +2, negative energy resistance 1, electricity
resistance, torment resistance 1, petrification resistance
a: no special abilities


You were on level 7 of the Dungeon.
You visited 1 branch of the dungeon, and saw 3 of its levels.

You collected 31 gold pieces.


Innate Abilities, Weirdness & Mutations

You are immune to sickness and miasma.
Your stone body is resilient. (AC +2)
You are immune to poison.
You resist negative energy. (rN+)
You are resistant to electric shocks. (rElec)
You are resistant to unholy torment.
You are immune to petrification.


   Skills:
 - Level 3.2 Fighting
 + Level 2.9 Axes
 - Level 1.5 Dodging
 - Level 5.4 Stealth


You had one spell level left.
You didn't know any spells.
Your spell library was empty.

Inventory:

Hand Weapons
 a - a +0 hand axe (weapon)
 d - a +0 flail
Armour
 h - a +0 ring mail (worn)
Jewellery
 k - a +6 ring of dexterity
Wands
 g - a wand of digging (3)
Scrolls
 c - a scroll of enchant armour {unknown}
 e - a scroll of identify {unknown}
 l - a scroll of teleportation {unknown}
Potions
 b - a potion of invisibility {unknown}
 f - a potion of haste
 i - a potion of mutation {unknown}
 j - a potion of degeneration {unknown}

Dungeon Overview and Level Annotations

Branches:
Dungeon (5/15)
 Temple: D:4-7

Altars:
Okawaru


Message History

You now have 31 gold pieces (gained 13).
l - a scroll labelled XUUTAL YSKAPRETOCU
Found 5 stones.
A sourceless malevolence fills the Dungeon...
With a horrendous wail, an alarm goes off!
A sentinel's mark forms upon you.
You hear a shout! x7; You hear an angry hiss.
A sky beast comes into view.
A water moccasin comes into view.
The water moccasin misses you.
You hit the water moccasin.
The water moccasin is lightly wounded.
The water moccasin barely misses you.
You closely miss the water moccasin.
The water moccasin is lightly wounded.
The water moccasin bites you.
The water moccasin bites you but does no damage.
You miss the water moccasin.
The water moccasin is lightly wounded.
The water moccasin bites you.
An orc warrior comes into view. It is wielding a +0 hand axe.
The water moccasin closely misses you.
You closely miss the water moccasin.
The water moccasin is lightly wounded.
The water moccasin bites you but does no damage.
You miss the water moccasin.
The water moccasin is lightly wounded.
The water moccasin closely misses you.
An orc comes into view. It is wielding a +0 mace.
The water moccasin bites you.
You hit the water moccasin.
The water moccasin is moderately wounded.
The water moccasin bites you but does no damage.
The water moccasin closely misses you.
You hit the water moccasin.
The water moccasin is moderately wounded.
The water moccasin bites you.
You closely miss the water moccasin.
The water moccasin is moderately wounded.
The water moccasin bites you!
You die...

#### #..# #..# #.(#
######## #.)#
##......##
#..###........##
##..##..........#
##...............#
#.@#..#..........#
##S##.............#
.oY##.#.........(.#
##................##
##................#
#................#
..................#
.#................#
#.###.#..........#


You could see an orc warrior, a water moccasin and a sky beast.

Vanquished Creatures
  6 orcs (D:4)
  2 endoplasms (D:4)
  A kobold (D:4)
  A quokka (D:4)
10 creatures vanquished.

Notes
Turn   | Place    | Note
-------+----------+-------------------------------------------
     0 | D:5      | qw the Gargoyle Delver began the quest for the Orb.
     0 | D:5      | Reached XP level 1. HP: 14/14 MP: 1/1
     0 | D:5      | 0 ||| qw: Version: 0.1-a-117-gfe26ee0
     0 | D:5      | 0 ||| qw: Game counter: 9913
     0 | D:5      | 0 ||| qw: Always use a shield: true
     0 | D:5      | 0 ||| qw: God list: Okawaru
     0 | D:5      | 0 ||| qw: Allow faded altars: false
     0 | D:5      | 0 ||| qw: Do Orc after D:15 true
     0 | D:5      | 0 ||| qw: Do second Lair branch before Depths: true
     0 | D:5      | 0 ||| qw: Lair rune preference: random
     0 | D:5      | 0 ||| qw: Plans: Normal
     0 | D:5      | 0 ||| PLANNING D:1-11
    24 | D:5      | 24 ||| UPGRADING to +0 ring mail.
    34 | D:5      | 34 ||| DROPPING +0 leather armour.
    35 | D:5      | 35 ||| DROPPING scroll of fog.
    36 | D:5      | 36 ||| DROPPING scroll of magic mapping.
    37 | D:5      | 37 ||| DROPPING scroll of fear.
    45 | D:5      | Noticed a hound
    46 | D:5      | 46 ||| FLEEEEING.
    47 | D:5      | 47 ||| STAIRDANCE
    76 | D:4      | Reached XP level 2. HP: 9/19 MP: 2/2
   235 | D:4      | Found an iron altar of Okawaru.
   503 | D:4      | You fall into a shaft and drop 3 floors!
   538 | D:7      | Noticed a sky beast
   538 | D:7      | Noticed a water moccasin
   543 | D:7      | Noticed an orc warrior
   548 | D:7      | Slain by a water moccasin

Levels and vault maps discovered:
D:4:      layout_loops_ring, overflow_temple_1_default, uniq_sigmund
D:5:      layout_loops_ring, mainiacjoe_overflow_alcove_4,
          kiku_gazebo_garden_becter, kennysheep_mini, temple_hall,
          chequers_ossuary_entry_cave, lightli_church_of_beogh
D:7:      layout_rooms, serial_shops, shop_fountains

Skill      XL: |  1 |
---------------+----+-----
Axes           | 2 |  2.9
Fighting       | |  3.2
Dodging        | |  1.5
Stealth        | |  5.4

Action                   || total
-------------------------++-------
Melee: Hand axe          ||    37
Armor: Ring mail         ||    17
Dodge: Dodged            ||    25

Table legend:
 A = Non-vault XP
 B = Vault XP
 C = Vault XP percentage of total XP
 D = Non-vault monster count
 E = Vault monster count
 F = Vault count percentage of total count
                 A         B        C        D         E       F
            +---------+---------+-------+---------+---------+-------
      Total |      26 |       0 |   0.0 |      10 |       0 |   0.0
            +---------+---------+-------+---------+---------+-------
        D:4 |      26 |       0 |   0.0 |      10 |       0 |   0.0
            +---------+---------+-------+---------+---------+-------
